 Dungeon Crawl Stone Soup version 0.31-a0-844-gdc52ec4e09 (webtiles) character file.

Game seed: 14508194098052356060

578 randomguy2701 the Slicer (level 7, -2/52 HPs)
             Began as a Gnoll Wanderer on Sept 29, 2023.
             Slain by Grinder (4 damage)
             ... while paralysed by Grinder
             ... on level 5 of the Dungeon.
             The game lasted 00:04:55 (3803 turns).

randomguy2701 the Slicer (Gnoll Wanderer)           Turns: 3803, Time: 00:04:56

Health: -2/52      AC:  3    Str: 10    XL:     7   Next: 35%
Magic:  10/10      EV:  2    Int:  9    God:
Gold:   109        SH:  0    Dex: 17    Spells: 11/11 levels left

rFire   . . .        m - +0 dagger (venom)
rCold   . . .        (no shield)
rNeg    . . .        d - +0 leather armour
rPois   .            (no helmet)
rElec   .            (no cloak)
rCorr   .            (no gloves)
SInv    .            (no boots)
Will    .....        (no amulet)
Stlth   ++           (no ring)
HPRegen 0.28/turn    (no ring)
MPRegen 0.12/turn

%: no passive effects
@: paralysed
A: fangs 1, strong nose, distributed training
a: no special abilities


You were on level 5 of the Dungeon.
You visited 1 branch of the dungeon, and saw 5 of its levels.

You collected 109 gold pieces.

Inventory:

Hand Weapons
 a - a +3 short sword
 b - a +0 falchion
 m - a +0 dagger of venom (weapon)
Missiles
 j - a throwing net
Armour
 d - a +0 leather armour (worn)
Jewellery
 r - a ring of wizardry
 s - a +6 ring of dexterity
Wands
 n - a wand of polymorph (8)
 v - a wand of charming (7)
Scrolls
 e - a scroll of poison {unknown}
 g - 6 scrolls of identify {unknown}
 i - 2 scrolls of teleportation {unknown}
 k - 2 scrolls of blinking {unknown}
 p - a scroll of immolation {unknown}
 u - a scroll of revelation {unknown}
Potions
 c - 2 potions of lignification
 f - 7 potions of curing {unknown}
 h - 4 potions of degeneration {unknown}
 l - 2 potions of haste {unknown}
 o - a potion of brilliance {unknown}
 q - a potion of heal wounds {unknown}
 t - 2 potions of might {unknown}


   Skills:
 + Level 3.6 Fighting
 + Level 8.9 Short Blades
 + Level 3.6 Long Blades
 + Level 2.5 Axes
 + Level 2.5 Maces & Flails
 + Level 2.5 Polearms
 + Level 2.5 Staves
 + Level 2.5 Ranged Weapons
 + Level 3.6 Throwing
 + Level 5.2 Armour
 + Level 3.6 Dodging
 + Level 2.5 Stealth
 + Level 2.5 Shields
 + Level 2.5 Unarmed Combat
 + Level 2.5 Spellcasting
 + Level 2.0 Conjurations
 + Level 2.0 Hexes
 + Level 2.0 Summonings
 + Level 2.0 Necromancy
 + Level 2.0 Translocations
 + Level 2.0 Transmutations
 + Level 2.0 Fire Magic
 + Level 2.0 Ice Magic
 + Level 2.0 Air Magic
 + Level 2.0 Earth Magic
 + Level 2.0 Poison Magic
 + Level 2.7 Invocations
 + Level 2.5 Evocations
 + Level 2.2 Shapeshifting


You had 11 spell levels left.
You didn't know any spells.
Your spell library contained the following spells:

 Spells                   Type           Power      Damage    Failure   Level
 Sandblast                Erth           8%         2d5       19%         1
 Blink                    Tloc           8%         N/A       26%         2
 Lesser Beckoning         Tloc           8%         N/A       26%         2
 Momentum Strike          Conj/Tloc      8%         3d8       26%         2
 Passwall                 Tmut/Erth      3%         N/A       26%         2
 Stone Arrow              Conj/Erth      8%         3d7       47%         3
 Tukima's Dance           Hex            4%         N/A       47%         3
 Brom's Barrelling Bould  Conj/Erth      4%         2d3       87%         4
 Passage of Golubria      Tloc           4%         N/A       87%         4
 Yara's Violent Unravell  Hex/Tmut       2%         3d3       99%         5


Dungeon Overview and Level Annotations

Branches:
Dungeon (5/15)
 Temple: D:4-7

Altars:
Wu Jian

Annotations:
D:5 Grinder


Innate Abilities, Weirdness & Mutations

You have very sharp teeth.
Your uncanny sense of smell can sniff out nearby items.
Your experience applies equally to all skills.


Message History

There are monsters nearby!
There are monsters nearby!
Found a leather armour.
There are monsters nearby!
The iguana hisses angrily.
The iguana closely misses you.
Grinder shouts!
You hit the iguana but do no damage.
The iguana is poisoned.
You hit the iguana but do no damage.
The iguana looks as sick as possible!
The iguana is lightly wounded.
The iguana closely misses you.
You hit the iguana but do no damage.
The iguana looks as sick as possible!
You bite the iguana, but do no damage.
The iguana is lightly wounded.
Unknown command.
You hit the iguana.
The iguana is severely wounded.
The iguana bites you!
Grinder blinks!
Unknown command.
You hit the iguana but do no damage.
The iguana is severely wounded.
Unknown command.
You hit the iguana but do no damage.
The iguana looks as sick as possible!
The iguana is severely wounded.
Grinder gestures at you.
You suddenly lose the ability to move!
The iguana bites you. The iguana bites you!
You kill the iguana!
Grinder gestures at you. Pain shoots through your body!
* * * LOW HITPOINT WARNING * * *
Grinder gestures at you.
You shrug off the repeated paralysis!
Grinder gestures at you. You resist with significant effort. Grinder hits you!
* * * LOW HITPOINT WARNING * * *
You writhe in agony.
You die...
Grinder says, "Now the real fun starts!"

###.......
.......[.. ....
........## ...>. .
........##∆.....
..##.......##.....
#...............
#............#
#†@5.#...#
......#.#....#
....# #.#..<.# #..
#......## #
......#.#
....#.#### ...####
#..# ..


You could see Grinder.

Vanquished Creatures
  Sigmund (D:2)
  A scorpion (D:3)
  A jelly (D:4)
  3 hounds (D:4)
  Jessica (D:2)
  2 iguanas
  Robin (D:3)
  3 gnolls (D:3)
  3 adders
  4 dart slugs
  An orc (D:3)
  8 endoplasms
  2 giant cockroaches
  15 goblins
  18 hobgoblins
  5 jackals (D:2)
  5 quokkas
  9 ball pythons
  4 bats
  3 frilled lizards
  7 kobolds
  4 rats
101 creatures vanquished.

Notes
Turn   | Place    | Note
-------+----------+-------------------------------------------
     0 | D:1      | randomguy2701 the Gnoll Wanderer began the quest for the
                  | Orb.
     0 | D:1      | randomguy2701 set off with the following items: a +3 short
                  | sword, a +0 falchion, a potion of lignification, a +0
                  | leather armour.
     0 | D:1      | Reached XP level 1. HP: 17/17 MP: 1/1
    69 | D:1      | Reached XP level 2. HP: 19/23 MP: 2/2
   198 | D:1      | Reached XP level 3. HP: 23/28 MP: 3/3
   453 | D:1      | Found a faded altar of an unknown god.
   756 | D:2      | Reached skill level 1 in Invocations
   808 | D:2      | Reached skill level 1 in Axes
   808 | D:2      | Reached skill level 1 in Maces & Flails
   808 | D:2      | Reached skill level 1 in Polearms
   808 | D:2      | Reached skill level 1 in Staves
   808 | D:2      | Reached skill level 1 in Ranged Weapons
   808 | D:2      | Reached skill level 1 in Stealth
   808 | D:2      | Reached skill level 1 in Shields
   808 | D:2      | Reached skill level 1 in Unarmed Combat
   808 | D:2      | Reached skill level 1 in Spellcasting
   808 | D:2      | Reached skill level 1 in Evocations
   829 | D:2      | Noticed Sigmund
   979 | D:2      | Noticed Jessica
   987 | D:2      | Killed Jessica
   988 | D:2      | Reached skill level 1 in Shapeshifting
   988 | D:2      | Reached XP level 4. HP: 30/34 MP: 5/5
  1148 | D:2      | Killed Sigmund
  1149 | D:2      | Reached skill level 1 in Conjurations
  1149 | D:2      | Reached skill level 1 in Hexes
  1149 | D:2      | Reached skill level 1 in Summonings
  1149 | D:2      | Reached skill level 1 in Necromancy
  1149 | D:2      | Reached skill level 1 in Translocations
  1149 | D:2      | Reached skill level 1 in Transmutations
  1149 | D:2      | Reached skill level 1 in Fire Magic
  1149 | D:2      | Reached skill level 1 in Ice Magic
  1149 | D:2      | Reached skill level 1 in Air Magic
  1149 | D:2      | Reached skill level 1 in Earth Magic
  1149 | D:2      | Reached skill level 1 in Poison Magic
  1149 | D:2      | Reached XP level 5. HP: 9/41 MP: 5/7
  1149 | D:2      | Reached XP level 6. HP: 10/47 MP: 5/8
  1754 | D:3      | Reached skill level 5 in Armour
  1976 | D:3      | Noticed Robin
  2005 | D:3      | Killed Robin
  2204 | D:3      | Found an ornate altar of the Wu Jian Council.
  2953 | D:4      | Reached XP level 7. HP: 15/52 MP: 10/10
  3788 | D:5      | Entered Level 5 of the Dungeon
  3788 | D:5      | Noticed Grinder
  3798 | D:5      | Paralysed by Grinder for 5 turns
  3803 | D:5      | HP: 2/52 [Grinder (9)]
  3803 | D:5      | Slain by Grinder

Illustrated notes

Levels and vault maps discovered:
D:1:      lemuel_arrival_behind_the_door_small, layout_basic,
          shapermc_ecumenical_altar_flowoftime
D:2:      layout_rooms, uniq_jessica, uniq_sigmund
D:3:      layout_basic, nicolae_wu_jian_wuxing_cycle, chequers_hall_statues_y,
          uniq_robin
D:4:      layout_gridville, minmay_door_square
D:5:      lemuel_castle_with_subvaults [lemuel_castle_interior_original],
          layout_cave_pools, uniq_grinder

Skill      XL: |  1  2  3  4  5  6  7 |
---------------+----------------------+-----
Invocations    | 1 2 |  2.7
Axes           | 1 2 |  2.5
Maces & Flails | 1 2 |  2.5
Polearms       | 1 2 |  2.5
Staves         | 1 2 |  2.5
Ranged Weapons | 1 2 |  2.5
Stealth        | 1 2 |  2.5
Shields        | 1 2 |  2.5
Unarmed Combat | 1 2 |  2.5
Spellcasting   | 1 2 |  2.5
Evocations     | 1 2 |  2.5
Shapeshifting  | 1 2 |  2.2
Fighting       | 3 |  3.6
Long Blades    | 3 |  3.6
Throwing       | 3 |  3.6
Dodging        | 3 |  3.6
Conjurations   | 1 2 |  2.0
Hexes          | 1 2 |  2.0
Summonings     | 1 2 |  2.0
Necromancy     | 1 2 |  2.0
Translocations | 1 2 |  2.0
Transmutations | 1 2 |  2.0
Fire Magic     | 1 2 |  2.0
Ice Magic      | 1 2 |  2.0
Air Magic      | 1 2 |  2.0
Earth Magic    | 1 2 |  2.0
Poison Magic   | 1 2 |  2.0
Armour         | 5 |  5.2
Short Blades   | |  8.9

Action                     |  1- 3 |  4- 6 |  7- 9 || total
---------------------------+-------+-------+-------++-------
  Melee: Short sword       |    95 |     1 |       ||    96
         Bite              |    10 |    21 |    10 ||    41
         Punch             |     1 |     7 |     1 ||     9
         Unarmed           |     6 |       |       ||     6
         Dagger            |       |   210 |    52 ||   262
   Stab: Sleeping          |       |     4 |     2 ||     6
 Armour: Leather armour    |    24 |    90 |    20 ||   134
         Skin              |     5 |     1 |       ||     6
  Dodge: Dodged            |    35 |   102 |    25 ||   162

Table legend: (Time is in decaauts)
 A = Elapsed time spent in this place.
 B = Non-inter-level travel time spent in this place.
 C = Inter-level travel time spent in this place.
 D = Time resting spent in this place.
 E = Time spent auto-exploring this place.
 F = Levels seen in this place.
 G = Mean time per level.
                   A        B        C        D        E       F      G
               +--------+--------+--------+--------+--------+-----+--------+
         Total |   3641 |   3463 |    178 |      0 |   2823 |   5 |  728.2 |
       Dungeon |   3641 |   3463 |    178 |      0 |   2823 |   5 |  728.2 |
               +--------+--------+--------+--------+--------+-----+--------+

Top non-repeatable levels by time:
     D:3: 1179 daAuts
     D:1: 890 daAuts
     D:4: 829 daAuts
     D:2: 729 daAuts
     D:5: 12 daAuts
